 Dungeon Crawl Stone Soup version 0.25.0-9-g26727b6 (webtiles) character file.

Game seed: 14131883811302470534

584 Brutalitops the Chopper (level 7, -10/56 HPs)
             Began as a Demonspawn Warper on June 20, 2020.
             Was a Believer of Kikubaaqudgha.
             Mangled by Edmund
             ... wielding a +7 flail of protection
              (13 damage)
             ... on level 5 of the Dungeon.
             The game lasted 00:31:17 (6026 turns).

Brutalitops the Chopper (Demonspawn Warper)         Turns: 6026, Time: 00:31:18

Health: -10/56     AC:  6    Str: 13    XL:     7   Next: 14%
Magic:  12/12      EV: 12    Int: 13    God:    Kikubaaqudgha [**....]
Gold:   268        SH:  0    Dex: 12    Spells: 4/12 levels left

rFire    . . .     SeeInvis +   q - +2 spear (freeze)
rCold    . . .     Gourm    .   (no shield)
rNeg     . . .     Faith    .   o - +0 leather armour
rPois    .         Spirit   .   i - +0 helmet
rElec    .         Reflect  .   (no cloak)
rCorr    .         Harm     .   (no gloves)
MR       +....                  (no boots)
Stlth    +.........             (no amulet)
HPRegen  0.18/turn              g - ring of protection from magic
MPRegen  0.13/turn              c - ring of see invisible

@: no status effects
A: hooves 2, yellow scales 1, demonic guardian 1, dopey 1, robust 1
a: Receive Corpses, Renounce Religion


You were on level 5 of the Dungeon.
You worshipped Kikubaaqudgha.
Kikubaaqudgha was pleased with you.
You were very hungry.

You visited 1 branch of the dungeon, and saw 5 of its levels.

You collected 268 gold pieces.

Inventory:

Hand Weapons
 a - a +1 hand axe
 q - a +2 spear of freezing (weapon)
Missiles
 e - 2 boomerangs of dispersal (quivered)
 j - 3 javelins
 l - 72 arrows
Armour
 h - a +3 chain mail of cold resistance
 i - a +0 helmet (worn)
 k - a +0 ring mail
 o - a +0 leather armour (worn)
Jewellery
 c - a ring of see invisible (right hand)
 g - a ring of protection from magic (left hand)
 u - an uncursed ring of stealth {unknown}
Wands
 d - a wand of flame (21)
 p - a wand of enslavement (4)
 r - a wand of paralysis (10)
Scrolls
 n - 2 scrolls of identify
 t - 2 scrolls of enchant weapon
 v - a scroll of amnesia
Potions
 b - a potion of cancellation
 m - 3 potions of brilliance
Comestibles
 f - 10 rations


   Skills:
 + Level 2.9 Fighting
 - Level 3.6(3.7) Axes
 + Level 0.8(2.4) Polearms
 - Level 1.0 Throwing
 + Level 2.6 Armour
 + Level 2.8 Dodging
 * Level 3.4 Spellcasting
 * Level 3.3 Necromancy
 + Level 2.9 Translocations


You had 4 spell levels left.
You knew the following spells:

 Your Spells              Type           Power        Failure   Level  Hunger
a - Blink                 Tloc           N/A          13%         2    ##.....
b - Pain                  Necr           ##..         7%          1    #......
c - Sublimation of Blood  Necr           ##........   11%         2    ##.....
d - Vampiric Draining     Necr           ##........   22%         3    ###....

Your spell library contained the following spells:

 Spells                   Type           Power        Failure   Level  Hunger
 Animate Skeleton         Necr           N/A          7%          1    #......
 Shroud of Golubria       Chrm/Tloc      #.....       24%         2    ##.....
 Gell's Gravitas          Tloc           #.........   26%         3    ###....
 Lesser Beckoning         Tloc           #.........   26%         3    ###....
 Teleport Other           Tloc           #.......     26%         3    ###....
 Infusion                 Chrm           #...         28%         1    #......
 Passage of Golubria      Tloc           N/A          63%         4    #####..


Dungeon Overview and Level Annotations

Branches:
Dungeon (5/15)
 Temple: D:4-7

Altars:
Ashenzari
Kikubaaqudgha
Ru
Sif Muna
Trog
Vehumet

Annotations:
D:5 Edmund


Innate Abilities, Weirdness & Mutations

You have hoof-like feet.
You are partially covered in yellow scales. (AC +2)
A weak demonic guardian rushes to your aid.
You are dopey. (Int -2)
You are robust. (+10% HP)


Message History

You throw a boomerang of dispersal.
The boomerang of dispersal barely misses Edmund.
Edmund hits you with a +7 flail of protection.
* * * LOW HITPOINT WARNING * * *
Throwing (i - inventory. (/) - cycle)
e - 4 boomerangs of dispersal (quivered)
Press: ? - help, Shift-Dir - straight line, f/p - Edmund
Aim: Edmund, wielding a +7 flail of protection and wearing a +2 scale mail of cold resistance (almost dead)
You throw a boomerang of dispersal.
The boomerang of dispersal hits Edmund but does no damage.
Edmund is almost dead.
Edmund barely misses you.
Throwing (i - inventory. (/) - cycle)
e - 3 boomerangs of dispersal (quivered)
Press: ? - help, Shift-Dir - straight line, f/p - Edmund
Aim: Edmund, wielding a +7 flail of protection and wearing a +2 scale mail of cold resistance (almost dead)
You throw a boomerang of dispersal.
The boomerang of dispersal closely misses Edmund.
Edmund says, "I might not be good at magic, but I can still kill you!"
Edmund hits you with a +7 flail of protection!
You die...
Kikubaaqudgha rasps: "You have failed me!
Welcome... death!"

#### #..# ##..### ##.#...#
#..#..## ###.....#
########.......# ###
#...........#######
#.####....@@......####.# #
###..#.....≈≈≈≈..........####.
#.......#..≈≈≈≈8.[.##>....##..
#####.........≈≈≈≈...............
#§##.........................##..
..§...........................#..
..##.............##..............
..##.........#...#...............
..#.(............................


You could see Edmund.

Vanquished Creatures
  A hound (D:4)
  4 orc wizards
  Terence (D:2)
  A centaur skeleton (D:5)
  Ijyb (D:4)
  2 worker ants (D:4)
  Natasha (thrice) (D:3)
  A worker ant zombie (D:5)
  10 adders
  2 oozes
  3 worms
  3 dart slugs
  3 leopard geckos (D:2)
  12 orcs
  10 bats
  5 giant cockroaches
  9 goblins
  8 hobgoblins
  2 jackals (D:3)
  10 kobolds
  5 quokkas
  A ball python (D:3)
  7 frilled lizards
  A jackal skeleton (D:5)
  A rat (D:2)
106 creatures vanquished.

Vanquished Creatures (collateral kills)
  An orc wizard (D:4)
  2 orcs (D:4)
3 creatures vanquished.

Grand Total: 109 creatures vanquished

Notes
Turn   | Place    | Note
-------+----------+-------------------------------------------
     0 | D:1      | Brutalitops the Demonspawn Warper began the quest for the
                  | Orb.
     0 | D:1      | Reached XP level 1. HP: 16/16 MP: 3/3
   298 | D:1      | Gained mutation: You are partially covered in yellow
                  | scales. (AC +2) [demonic ancestry]
   298 | D:1      | Reached XP level 2. HP: 23/23 MP: 5/5
   366 | D:1      | Learned a level 2 spell: Blink
   506 | D:1      | Reached skill level 1 in Armour
   909 | D:2      | Reached XP level 3. HP: 24/28 MP: 6/6
  1082 | D:2      | Gained mutation: You are dopey. (Int -2) [potion of
                  | mutation]
  1082 | D:2      | Gained mutation: You are robust. (+10% HP) [potion of
                  | mutation]
  1439 | D:2      | Reached skill level 1 in Throwing
  1707 | D:2      | Found an ancient bone altar of Kikubaaqudgha.
  1716 | D:2      | Found a shimmering blue altar of Sif Muna.
  1718 | D:2      | Found a radiant altar of Vehumet.
  1722 | D:2      | Identified Sif Muna's Grimoire of Aid
  1783 | D:2      | Reached XP level 4. HP: 35/37 MP: 7/7
  1929 | D:2      | Became a worshipper of Kikubaaqudgha
  1984 | D:2      | Noticed Terence
  1996 | D:2      | Killed Terence
  2293 | D:3      | Noticed Natasha
  2304 | D:3      | Killed Natasha
  2304 | D:3      | Reached skill level 1 in Necromancy
  2304 | D:3      | Gained mutation: You have large cloven feet. [demonic
                  | ancestry]
  2304 | D:3      | Reached XP level 5. HP: 5/42 MP: 8/8
  2656 | D:3      | Found a bloodstained altar of Trog.
  2658 | D:3      | Noticed Natasha
  2681 | D:3      | Killed Natasha
  2734 | D:3      | Noticed Natasha
  2744 | D:3      | Killed Natasha
  3059 | D:3      | HP: 1/42 [orc wizard/magic dart (3)]
  3061 | D:3      | Gained mutation: A weak demonic guardian rushes to your
                  | aid. [demonic ancestry]
  3061 | D:3      | Reached XP level 6. HP: 2/50 MP: 9/9
  3655 | D:3      | Reached * piety under Kikubaaqudgha
  3655 | D:3      | Identified Kikubaaqudgha's Papyrus of Sinister Arts
                  | (Kikubaaqudgha gifted it to you on level 3 of the Dungeon)
  3655 | D:3      | Received a gift from Kikubaaqudgha
  3669 | D:3      | Learned a level 1 spell: Pain
  4015 | D:4      | Noticed Ijyb
  4033 | D:4      | Killed Ijyb
  4071 | D:4      | Learned a level 2 spell: Sublimation of Blood
  4201 | D:4      | Found a shattered altar of Ashenzari.
  4723 | D:4      | Learned a level 3 spell: Vampiric Draining
  5030 | D:5      | Entered Level 5 of the Dungeon
  5030 | D:5      | Found a sacrificial altar of Ru.
  5176 | D:5      | Noticed Edmund
  5510 | D:5      | Gained mutation: You have hoof-like feet. [demonic
                  | ancestry]
  5510 | D:5      | Reached XP level 7. HP: 42/56 MP: 10/12
  5860 | D:5      | Reached ** piety under Kikubaaqudgha
  6022 | D:5      | HP: 2/56 [Edmund/+7 flail of protection (5)]
  6026 | D:5      | Mangled by Edmund

Illustrated notes

Levels and vault maps discovered:
D:1:      onia_arrival_pyramid, layout_basic
D:2:      layout_rooms, grunt_temple_overflow_magic_moments, uniq_terence
D:3:      layout_loops_cross, nicolae_overflow_crystal_walls, minmay_hedge_maze,
          uniq_natasha
D:4:      layout_basic, lemuel_crystal_altar, first_ration,
          minmay_misc_feat_rugged, kennysheep_path_1, uniq_ijyb
D:5:      layout_cave_pools, overflow_temple_1_default, serial_park,
          serial_park_tiny_pond, serial_park_avenue1, serial_park_tiny_pond,
          cheibrodos_gnoll_hut, uniq_edmund

Skill      XL: |  1  2  3  4  5  6 |
---------------+-------------------+-----
Dodging        | 2 |  2.8
Armour         | 1 2 |  2.6
Axes           | 2 3 |  3.6
Throwing       | 1 |  1.0
Necromancy     | 1 3 |  3.3
Spellcasting   | 3 |  3.4
Fighting       | |  2.9
Polearms       | |  0.8
Translocations | |  2.9

Action                   |  1- 3 |  4- 6 |  7- 9 || total
-------------------------+-------+-------+-------++-------
Melee: Hand axe          |   142 |   254 |       ||   396
       Kick              |       |    55 |     7 ||    62
       Spear             |       |    24 |    47 ||    71
Throw: Javelin           |     3 |     3 |       ||     6
       Boomerang         |       |       |     3 ||     3
 Cast: Pain              |       |    33 |    10 ||    43
  Use: Scroll            |     6 |     9 |     2 ||    17
       Potion            |     3 |     3 |     1 ||     7
 Stab: Distracted        |       |       |     1 ||     1
  Eat: Chunk             |     3 |    12 |     1 ||    16
Armor: Leather armour    |    13 |    91 |     5 ||   109
       Ring mail         |    48 |       |       ||    48
Dodge: Dodged            |   112 |   171 |    15 ||   298
